 Dungeon Crawl Stone Soup version 0.27-a0-1140-g099f9bb0e8 (webtiles) character file.

Game seed: 11794044864770155934

8028 leviel the Fighter (level 11, -5/104 HPs)
             Began as a Minotaur Fighter on May 8, 2021.
             Was a Priest of Fedhas.
             Killed from afar by an ogre mage (35 damage)
             ... with a bolt of magma
             ... on level 11 of the Dungeon.
             The game lasted 00:18:50 (14091 turns).

leviel the Fighter (Minotaur Fighter)              Turns: 14091, Time: 00:18:52

Health: -5/104     AC:  4    Str: 31    XL:     11   Next: 4%
Magic:  0/15       EV:  9    Int:  5    God:    Fedhas [***...]
Gold:   399        SH: 12    Dex:  9    Spells: 10/10 levels left

rFire    . . .     SeeInvis .   D - +4 hand axe
rCold    . . .     Faith    .   c - +0 kite shield
rNeg     . . .     Spirit   +   b - +0 scale mail
rPois    .         Reflect  .   (helmet restricted)
rElec    .         Harm     .   (no cloak)
rCorr    .         Rampage  .   (no gloves)
Will     .....                  (no boots)
Stlth    ..........             m - amulet of guardian spirit
HPRegen  0.27/turn              B - +6 ring of strength
MPRegen  0.14/turn              (no ring)

@: mighty, corroded
A: horns 2, retaliatory headbutt
a: Renounce Religion, Wall of Briars, Grow Ballistomycete


You were on level 11 of the Dungeon.
You worshipped Fedhas.
Fedhas was most pleased with you.
You visited 3 branches of the dungeon, and saw 13 of its levels.

You collected 477 gold pieces.
You spent 78 gold pieces at shops.

Inventory:

Hand Weapons
 a - a +0 war axe
 j - a +2 morningstar of flaming
 w - a +1 vorpal war axe
 A - a +2 war axe
 D - a +4 hand axe (weapon)
Missiles
 l - 6 curare-tipped darts (quivered)
 o - a throwing net
Armour
 b - a +0 scale mail (worn)
 c - a +0 kite shield (worn)
Jewellery
 m - an amulet of guardian spirit (around neck)
 B - a +6 ring of strength (left hand)
Wands
 d - a wand of polymorph (7)
 y - a wand of flame (65)
 z - a wand of paralysis (21)
 E - a wand of digging (10)
 F - a wand of iceblast (11)
Scrolls
 e - 3 scrolls of vulnerability {unknown}
 g - 2 scrolls of enchant armour {unknown}
 i - 10 scrolls of teleportation {unknown}
 k - 3 scrolls of torment {unknown}
 n - 2 scrolls of fear {unknown}
 r - 5 scrolls of blinking {unknown}
 u - 5 scrolls of noise {unknown}
 v - 2 scrolls of holy word {unknown}
 C - 7 scrolls of identify {unknown}
 G - a scroll of amnesia {unknown}
 I - a scroll of enchant weapon {unknown}
Potions
 f - a potion of lignification {unknown}
 h - 2 potions of heal wounds
 p - 3 potions of haste {unknown}
 q - a potion of cancellation {unknown}
 s - a potion of invisibility
 t - 2 potions of resistance {unknown}
 x - a potion of flight {unknown}
 H - a potion of might
 J - a potion of curing


   Skills:
 - Level 11.7 Fighting
 - Level 10.1 Axes
 - Level 8.3 Armour
 - Level 3.0 Dodging
 - Level 0.2 Stealth
 - Level 7.6 Shields
 + Level 7.4 Invocations


You had 10 spell levels left.
You didn't know any spells.
Your spell library contained the following spells:

 Spells                   Type           Power      Damage    Failure   Level
 Magic Dart               Conj           0%         1d3       94%         1
 Sting                    Tmut/Pois      0%         1d3       94%         1
 Blink                    Tloc           N/A        N/A       98%         2
 Call Imp                 Summ           0%         N/A       98%         2
 Poisonous Vapours        Pois/Air       0%         N/A       98%         2
 Slow                     Hex            0%         N/A       98%         2
 Conjure Flame            Conj/Fire      0%         6-21      100%        3
 Ignite Poison            Fire/Tmut/Pois 0%         N/A       100%        3
 Mephitic Cloud           Conj/Pois/Air  0%         N/A       100%        3
 Olgreb's Toxic Radiance  Pois           0%         N/A       100%        4


Dungeon Overview and Level Annotations

Branches:
Dungeon (11/15)            Temple (1/1) D:5            Lair (1/6) D:8
    Orc: D:9-12

Altars:
Ashenzari
Cheibriados
Dithmenos
Elyvilon
Fedhas
Gozag
Hepliaklqana
Kikubaaqudgha
Makhleb
Nemelex Xobeh
Okawaru
Qazlal
Ru
Sif Muna
Trog
Uskayaw
Vehumet
Wu Jian
Yredelemnul
Zin
The Shining One

Shops:
D:5 !

Annotations:
D:3 1 runed translucent door, Crazy Yiuf


Innate Abilities, Weirdness & Mutations

You have a pair of horns on your head.
You reflexively headbutt those who attack you in melee.


Message History

You are splashed with acid!
The ogre mage casts a spell at you. The bolt of magma misses you.
You slash the brown ugly thing!
The brown ugly thing is almost dead.
You hit the ogre mage. The brown ugly thing misses you.
You furiously retaliate!
You headbutt the brown ugly thing!!
You kill the brown ugly thing!
Fedhas appreciates your contribution to the ecosystem.
The ogre mage hits you with a +0 whip.
You have reached level 11!
You barely miss the ogre mage.
The ogre mage is lightly wounded.
The ogre mage hits you with a +0 whip.
You slice the ogre mage!!
The ogre mage is heavily wounded.
You hit the cyclops. You hit the ogre mage.
The ogre mage is heavily wounded.
You slash the cyclops! You block the ogre mage's attack.
You block the cyclops's attack.
You hit the ogre mage but do no damage.
The ogre mage is heavily wounded.
You hit the cyclops. The ogre mage hits you with a +0 whip.
The cyclops hits you!!
* * * LOW HITPOINT WARNING * * *
You slice the ogre mage!!
The ogre mage is almost dead.
You slash the cyclops!
The ogre mage points at itself and mumbles some strange words.
The ogre mage flickers and vanishes!
Deactivating autopickup; reactivate with Ctrl-A.
You slash the cyclops!
The cyclops is severely wounded.
You barely miss something.
You hear some strange, mumbled words.
A bolt of magma appears from out of thin air!
The bolt of magma hits you!!!
You die...
Fedhas appreciates your contribution to the ecosystem.

##..## ###...
#.##.##.# #....#
#### ##.# #.##
#.##.## #.###.#
##..##..#########
##.#.##
.................#
#...#
#######.......#..
##'## #.......#
#...# ##.....##
#...# ###@###
#.≈.# #....C{..#
#.≈.# #.........#
#.≈.# ##..###...#
#...# #(# ..##
#...# .)? .## .##
##


You could see a cyclops.

Vanquished Creatures
  An ugly thing (D:11)
  A cyclops (D:9)
  Maggie (D:8)
  A kobold demonologist (D:10)
  A komodo dragon (D:8)
  A queen bee (D:9)
  A troll (D:8)
  A steam dragon (D:4)
  3 wargs (D:8)
  An acid dragon (D:9)
  2 water moccasins
  A black bear (D:6)
  5 orc warriors
  An ice beast (D:6)
  3 sky beasts
  2 hornet zombies
  2 ogres
  7 centaurs
  A phantom (D:5)
  A kobold brigand (D:9)
  A wyvern zombie (D:6)
  3 scorpions
  3 water moccasin zombies
  A wyvern skeleton (D:7)
  19 killer bees
  19 wights
  A howler monkey (D:6)
  A centaur zombie (D:6)
  2 bullfrog zombies (D:6)
  7 orc priests
  2 hounds
  3 bullfrog skeletons
  3 jellies (D:7)
  A centaur skeleton (D:5)
  A gnoll shaman (D:5)
  An iguana (D:5)
  6 orc wizards
  2 killer bee zombies
  2 hound skeletons (D:4)
  3 howler monkey zombies
  11 gnolls
  6 adders
  3 howler monkey skeletons
  3 white imps
  An adder skeleton (D:4)
  2 adder zombies (D:5)
  2 worms (D:2)
  3 dart slugs
  20 orcs
  5 ball pythons
  8 endoplasms
  5 giant cockroaches
  8 goblins
  A hobgoblin (D:4)
  4 jackals (D:5)
  11 kobolds
  3 quokkas
  2 bats (D:1)
  6 frilled lizards
  8 rats
230 creatures vanquished.

Vanquished Creatures (others)
  An orc wizard (D:9)
  3 fungi (D:3)
  15 plants (D:9)
19 creatures vanquished.

Grand Total: 249 creatures vanquished

Notes
Turn   | Place    | Note
-------+----------+-------------------------------------------
     0 | D:1      | leviel the Minotaur Fighter began the quest for the Orb.
     0 | D:1      | Reached XP level 1. HP: 19/19 MP: 0/0
   176 | D:1      | Found a faded altar of an unknown god.
   518 | D:1      | Reached XP level 2. HP: 27/27 MP: 1/1
  1143 | D:2      | Reached skill level 4 in Fighting
  1242 | D:2      | Reached XP level 3. HP: 33/33 MP: 2/2
  1532 | D:2      | Reached XP level 4. HP: 26/40 MP: 3/3
  2463 | D:3      | Found a runed translucent door.
  2464 | D:3      | Noticed Crazy Yiuf
  2546 | D:4      | Noticed a scorpion
  2552 | D:4      | Killed a scorpion
  2553 | D:4      | Reached skill level 5 in Armour
  2553 | D:4      | Reached XP level 5. HP: 37/46 MP: 4/4
  2813 | D:4      | Identified the +4 hunting sling "Parr" {flame, rN+ rCorr}
  2897 | D:4      | Noticed an ogre
  2905 | D:4      | Killed an ogre
  2906 | D:4      | Reached XP level 6. HP: 9/52 MP: 5/5
  3695 | D:4      | Reached skill level 5 in Axes
  3784 | D:4      | Noticed a steam dragon
  3788 | D:4      | Killed a steam dragon
  3789 | D:4      | Reached skill level 1 in Dodging
  3789 | D:4      | Reached skill level 5 in Shields
  3933 | D:5      | Entered Level 5 of the Dungeon
  3946 | D:5      | Reached XP level 7. HP: 60/60 MP: 6/6
  4438 | D:5      | Found Kefop's Distillery.
  4596 | D:5      | Bought a potion of curing for 39 gold pieces
  4596 | D:5      | Bought a potion of attraction for 39 gold pieces
  4621 | D:5      | Found a hide-covered altar of Uskayaw.
  4829 | D:5      | Found a staircase to the Ecumenical Temple.
  4833 | D:5      | Reached skill level 5 in Fighting
  4840 | D:5      | Reached XP level 8. HP: 62/68 MP: 7/7
  5040 | Temple   | Entered the Ecumenical Temple
  5107 | Temple   | Became a worshipper of Fedhas Madash
  6096 | D:6      | Reached skill level 6 in Fighting
  6276 | D:6      | Reached XP level 9. HP: 67/75 MP: 8/8
  6610 | D:6      | Found a basalt altar of Yredelemnul.
  6611 | D:6      | Found a glowing silver altar of Zin.
  7156 | D:7      | Reached * piety under Fedhas
  7255 | D:7      | Found an ancient bone altar of Kikubaaqudgha.
  7449 | D:7      | Reached skill level 7 in Fighting
  7926 | D:7      | Reached skill level 10 in Axes
  8196 | D:7      | Found a sacrificial altar of Ru.
  8408 | D:8      | Found a staircase to the Lair.
  8418 | D:8      | Reached skill level 8 in Fighting
  8439 | D:8      | Reached skill level 9 in Fighting
  8866 | D:8      | Reached ** piety under Fedhas
  8871 | D:8      | Noticed a troll
  8909 | Lair:1   | Entered Level 1 of the Lair of Beasts
  9227 | D:8      | Killed a troll
  9228 | D:8      | Reached skill level 10 in Fighting
  9228 | D:8      | Reached XP level 10. HP: 34/93 MP: 3/9
  9580 | D:8      | Found a hazy altar of Hepliaklqana.
 10183 | D:8      | Noticed Maggie
 10198 | D:8      | Killed Maggie
 10199 | D:8      | Reached skill level 11 in Fighting
 10639 | D:8      | HP: 3/96 [something (15)]
 11259 | D:9      | Found a burning altar of Makhleb.
 11302 | D:9      | Reached skill level 1 in Invocations
 11705 | D:9      | Noticed a cyclops
 11723 | D:9      | Killed a cyclops
 11829 | D:9      | Reached *** piety under Fedhas
 12208 | D:9      | Reached skill level 5 in Invocations
 12734 | D:10     | Entered Level 10 of the Dungeon
 12828 | D:10     | Found a broken altar of Ashenzari.
 13498 | D:10     | HP: 3/97 [something (4)]
 14078 | D:11     | Noticed a brown ugly thing
 14079 | D:11     | Noticed an ogre mage
 14079 | D:11     | Noticed a cyclops
 14085 | D:11     | Killed a brown ugly thing
 14086 | D:11     | Reached XP level 11. HP: 62/104 MP: 9/15
 14091 | D:11     | Killed from afar by an ogre mage

Illustrated notes

Levels and vault maps discovered:
D:1:      dpeg_arrival_tiny_d, layout_basic, ebering_ecumenical_altar_hall
D:2:      layout_rooms, serial_corexii_hall, corexii_hall_statues_deadend,
          corexii_hall_statues_s
D:3:      layout_basic, minivault_23, uniq_crazy_yiuf_cottage
D:4:      layout_rooms, minmay_small_thing
D:5:      layout_basic, lemuel_tele_altar, kennysheep_little_box,
          minmay_temple_entry_sparse_star, serial_shops,
          nicolae_shop_temple_entry_statues_fountains
D:6:      layout_loops_ring, gammafunk_temple_overflow_pools, serial_undead,
          serial_undead_b, serial_undead_f, serial_undead_e, serial_undead_b
D:7:      layout_cave_pods, old_standard_altar, nicolae_ru_the_path_less_chosen
D:8:      layout_loops_corners, marbit_many_paths, erik_lair_orcish_takeover,
          due_unseen_surprise, uniq_maggie
D:9:      layout_loops_ring, old_standard_altar, nicolae_looking_at_the_future
D:10:     layout_stronghold, evilmike_ruin_ashenzari
D:11:     minmay_curly_fans, layout_cave_pods, enter_trove_0,
          grunt_decor_clamped
Temple:   cyrus_circular_temple
Lair:1:   layout_roguey, beast_lair_carwin_4, lemuel_fruit_fields, uniq_sonja,
          uniq_nergalle

Skill      XL: |  1  2  3  4  5  6  7  8  9 10 |
---------------+-------------------------------+-----
Armour         | 4 5 6 7 8 |  8.3
Shields        | 4 5 6 7 |  7.6
Fighting       | 4 5 6 10 11 | 11.7
Axes           | 3 4 6 7 9 10 | 10.1
Dodging        | 1 2 3 |  3.0
Invocations    | 7 |  7.4
Stealth        | |  0.2

Action                   |  1- 3 |  4- 6 |  7- 9 | 10-12 || total
-------------------------+-------+-------+-------+-------++-------
Melee: War axe           |    70 |   102 |   310 |    31 ||   513
       Headbutt          |     8 |    11 |    54 |    58 ||   131
       Hand axe          |       |       |       |   197 ||   197
       Morningstar       |       |       |       |    13 ||    13
Throw: Boomerang         |       |       |     3 |       ||     3
       Dart              |       |       |     2 |       ||     2
Evoke: Wand              |       |       |       |     1 ||     1
  Use: Potion            |       |     1 |     5 |     5 ||    11
Armor: Scale mail        |    27 |    35 |   108 |    62 ||   232
Dodge: Dodged            |    19 |    27 |    98 |    68 ||   212
Block: Kite shield       |    43 |    68 |   180 |   138 ||   429

Table legend: (Time is in decaauts)
 A = Elapsed time spent in this place.
 B = Non-inter-level travel time spent in this place.
 C = Inter-level travel time spent in this place.
 D = Time resting spent in this place.
 E = Time spent auto-exploring this place.
 F = Levels seen in this place.
 G = Mean time per level.
                   A        B        C        D        E       F      G
               +--------+--------+--------+--------+--------+-----+--------+
         Total |  14257 |  13895 |    362 |   4380 |   7923 |  13 | 1096.7 |
       Dungeon |  13886 |  13539 |    347 |   4093 |   7871 |  11 | 1262.4 |
        Temple |     82 |     68 |     14 |      0 |     52 |   1 |   82.0 |
          Lair |    288 |    288 |      0 |    287 |      0 |   1 |  288.0 |
               +--------+--------+--------+--------+--------+-----+--------+

Top non-repeatable levels by time:
     D:8: 2405 daAuts
     D:6: 2002 daAuts
     D:4: 1756 daAuts
     D:9: 1733 daAuts
     D:7: 1213 daAuts
     D:1: 1123 daAuts
     D:5: 846 daAuts
     D:3: 769 daAuts
    D:10: 762 daAuts
     D:2: 681 daAuts
    D:11: 591 daAuts
  Lair:1: 288 daAuts
  Temple: 82 daAuts
